 Dungeon Crawl Stone Soup version 0.28-a0-1404-g4df0f3684d (webtiles) character file.

Game seed: 6872664907894921524

4235 agentchuck the Cleaver (level 10, 0/84 HPs)
             Began as a Ghoul Gladiator on Jan 5, 2022.
             Was a Follower of Makhleb.
             Slain by an orc warrior (16 damage)
             ... on level 8 of the Dungeon.
             The game lasted 00:26:20 (8988 turns).

agentchuck the Cleaver (Ghoul Gladiator)            Turns: 8988, Time: 00:26:21

Health: 0/84       AC: 13    Str: 23    XL:     10   Next: 30%
Magic:  12/12      EV: 15    Int:  3    God:    Makhleb [*.....]
Gold:   384        SH:  0    Dex: 10    Spells: 9/9 levels left

rFire   . . .      SeeInvis .   t - +4 battleaxe
rCold   + + .      Faith    .   (shield currently unavailable)
rNeg    + + +      Spirit   .   m - +3 scale mail {rC+}
rPois   ∞          Reflect  .   c - +2 helmet
rElec   .          Harm     .   (no cloak)
rCorr   .          Rampage  .   (no gloves)
Will    +....                   (no boots)
Stlth   ..........              (no amulet)
HPRegen 0.00/turn               E - +4 ring of evasion
MPRegen 0.13/turn               M - ring of willpower

@: about to teleport, inhibited regen
A: claws 1, cold resistance 1, negative energy resistance 3, inhibited
regeneration, torment resistance 2
a: Renounce Religion


You were on level 8 of the Dungeon.
You worshipped Makhleb.
Makhleb was aware of your devotion.
You visited 2 branches of the dungeon, and saw 9 of its levels.

You collected 384 gold pieces.


Innate Abilities, Weirdness & Mutations

You thrive by killing the living.
You are immune to poison.
You have sharp fingernails.
Your flesh is cold resistant. (rC+)
You are immune to negative energy. (rN+++)
You do not regenerate when monsters are visible.
You are immune to unholy pain and torment.


   Skills:
 + Level 6.4 Fighting
 + Level 10.7 Axes
 - Level 2.2 Throwing
 + Level 3.6 Armour
 + Level 4.7 Dodging
 + Level 4.4 Invocations


You had 9 spell levels left.
You didn't know any spells.
Your spell library contained the following spells:

 Spells                   Type           Power      Damage    Failure   Level
 Sandblast                Erth           0%         2d4       83%         1
 Passwall                 Tmut/Erth      0%         N/A       92%         2
 Ignite Poison            Fire/Tmut/Pois 0%         N/A       99%         3
 Mephitic Cloud           Conj/Pois/Air  0%         N/A       99%         3
 Ozocubu's Armour         Ice            0%         N/A       99%         3
 Stone Arrow              Conj/Erth      0%         3d7       99%         3
 Summon Lightning Spire   Summ/Air       0%         N/A       100%        4
 Freezing Cloud           Conj/Ice/Air   0%         6-21      100%        5
 Ozocubu's Refrigeration  Ice            0%         4d5       100%        7
 Summon Hydra             Summ           0%         N/A       100%        7
 Maxwell's Capacitive Co  Air            0%         ∞         100%        8
 Beastly Appendage        Tmut           Unusable   N/A       N/A         1
 Sublimation of Blood     Necr           Unusable   N/A       N/A         2
 Wereblood                Tmut           Unusable   N/A       N/A         2
 Spider Form              Tmut/Pois      Unusable   N/A       N/A         3
 Storm Form               Tmut/Air       Unusable   N/A       N/A         7

Inventory:

Hand Weapons
 a - a +0 whip of venom
 e - a +0 hunting sling
 g - the +1 dagger of the Ageless Visions {drain, *Noise rElec rPois Int+9}
   (You took it off a kobold on level 2 of the Dungeon)

   A truly terrible weapon, it drains the life of any living foe it strikes.
   Int:       It affects your intelligence (+9).
   rElec:     It insulates you from electricity.
   rPois:     It protects you from poison.
   *Noise:    It may make noises in combat.
 q - a +4 hand axe
 t - a +4 battleaxe (weapon)
 w - a +0 war axe
Missiles
 d - 2 throwing nets (quivered) {=f}
 f - 263 stones
 n - 34 sling bullets
 o - 18 poisoned darts
Armour
 c - a +2 helmet (worn)
 i - a +2 chain mail of cold resistance
 m - a +3 scale mail of cold resistance (worn)
Jewellery
 E - a +4 ring of evasion (left claw)
 M - a ring of willpower (right claw)
 O - a +4 ring of protection
Wands
 j - a wand of iceblast (16)
 v - a wand of mindburst (21)
Scrolls
 h - 7 scrolls of teleportation {@r4}
Potions
 b - a potion of haste {unknown}
 k - 2 potions of brilliance {unknown}
 l - a potion of curing {unknown}
 p - a potion of heal wounds {unknown}
 r - a potion of magic {unknown}
 s - a potion of flight {unknown}
 u - a potion of cancellation {unknown}

Dungeon Overview and Level Annotations

Branches:
Dungeon (8/15)             Temple (1/1) D:5
   Lair: D:8-11

Altars:
Ashenzari
Cheibriados
Dithmenos
Elyvilon
Fedhas
Gozag
Hepliaklqana
Kikubaaqudgha
Makhleb
Nemelex Xobeh
Okawaru
Qazlal
Ru
Sif Muna
Trog
Uskayaw
Vehumet
Wu Jian
Xom
Yredelemnul
Zin
The Shining One

#######... #.. #########.........
#.. ................# #..
###########........# #..
....#....##........############..
......##.##........##............
...))..............##............
###))....##.#'#######...........#
..............oo@...'...........'
..........#.#.###.###..........†#
#########.#.#..##.# #...........#
..........#.##.##.# #...........#
...#....###.##..#.# #...........#
####....# #.###.#.# #...........#
........# #.# #.#.# #...........#
#####...###.# #.#.# #############
....#.....#.# #...#


You could see an orc warrior and an orc wizard.


Message History

You hit the orc wizard but do no damage.
The orc wizard is severely wounded.
The orc wizard hits you with a +0 dagger.
The orc warrior closely misses you.
You barely miss the orc wizard.
The orc wizard is severely wounded.
The orc wizard hits you but does no damage.
The orc warrior hits you from afar with a +0 trident!
The orc wizard misses you.
You closely miss the orc wizard.
The orc wizard is severely wounded.
The orc warrior hits you from afar with a +0 trident!
* * * LOW HITPOINT WARNING * * *
The orc wizard hits you but does no damage.
The orc warrior hits you from afar with a +0 trident!
* * * LOW HITPOINT WARNING * * *
You barely miss the orc wizard.
The orc wizard is severely wounded.
The orc wizard closely misses you.
The orc warrior hits you from afar with a +0 trident.
* * * LOW HITPOINT WARNING * * *
You barely miss the orc wizard.
The orc wizard is severely wounded.
The orc wizard hits you but does no damage.
The orc warrior hits you from afar with a +0 trident!
* * * LOW HITPOINT WARNING * * *
As you read the scroll of teleportation {@r4}, it crumbles to dust.
You feel strangely unstable. The orc wizard misses you.
The orc warrior hits you from afar with a +0 trident!
You die...

Skill      XL: |  1  2  3  4  5  6  7  8  9 10 |
---------------+-------------------------------+-----
Axes           | 3 4 6 7 9 10 | 10.7
Throwing       | 2 |  2.2
Fighting       | 3 4 6 |  6.4
Invocations    | 3 4 |  4.4
Dodging        | 4 |  4.7
Armour         | 3 |  3.6

Action                   |  1- 3 |  4- 6 |  7- 9 | 10-12 || total
-------------------------+-------+-------+-------+-------++-------
Melee: War axe           |   124 |   121 |   169 |       ||   414
       Punch             |       |     1 |     2 |       ||     3
       Hand axe          |       |       |   195 |       ||   195
       Battleaxe         |       |       |    27 |    32 ||    59
       Whip              |       |       |     5 |       ||     5
Throw: Dart              |       |       |    27 |     5 ||    32
       Throwing net      |       |       |     1 |     2 ||     3
Evoke: Wand              |       |       |     1 |       ||     1
  Use: Scroll            |       |     1 |     8 |     1 ||    10
 Stab: Held in net/web   |       |       |     1 |     1 ||     2
Armor: Leather armour    |    11 |       |       |       ||    11
       Scale mail        |    46 |    54 |    22 |    13 ||   135
       Ring mail         |     3 |       |       |       ||     3
       Chain mail        |       |       |   101 |       ||   101
Dodge: Dodged            |   100 |    84 |   238 |    27 ||   449

Levels and vault maps discovered:
D:1:      minmay_arrival_three_doors, layout_loops_cross, serial_park_tiny_2,
          lemuel_old_faithful
D:2:      layout_rooms, nrook_mini_vaults, minmay_increasing_density
D:3:      layout_basic, shapermc_ecumenical_altar_acropolis
D:4:      layout_loops_ring
D:5:      layout_loops_ring, minmay_temple_entry_fiery, gup_sewer_entry_glass
D:6:      layout_loops_ring, bloody_makhleb
D:7:      layout_loops_cross, serial_rivers, chequers_serial_rivers_room_a,
          chequers_serial_rivers_small_b, chequers_serial_rivers_micro_a,
          chequers_serial_rivers_micro_a, nrook_mini_backslash,
          chequers_serial_rivers_micro_b, uniq_pikel
D:8:      layout_basic, uniq_harold, uniq_prince_ribbit1, uniq_joseph
Temple:   mainiacjoe_temple_archimedes_tessellation

Notes
Turn   | Place    | Note
-------+----------+-------------------------------------------
     0 | D:1      | agentchuck the Ghoul Gladiator began the quest for the Orb.
     0 | D:1      | Reached XP level 1. HP: 17/17 MP: 0/0
   130 | D:1      | Reached XP level 2. HP: 19/25 MP: 1/1
   340 | D:1      | Reached skill level 3 in Axes
   415 | D:1      | Reached skill level 2 in Throwing
   744 | D:1      | Reached XP level 3. HP: 29/30 MP: 2/2
   825 | D:1      | Reached skill level 3 in Fighting
  1318 | D:2      | Identified the +1 dagger of the Ageless Visions {drain,
                  | *Noise rElec rPois Int+9}
  1382 | D:2      | Reached XP level 4. HP: 38/38 MP: 3/3
  2003 | D:3      | You fall into a shaft and drop 1 floor!
  2244 | D:4      | Noticed a necrophage
  2310 | D:3      | Found a faded altar of an unknown god.
  2810 | D:4      | Reached skill level 4 in Fighting
  2810 | D:4      | Reached XP level 5. HP: 42/46 MP: 4/4
  2855 | D:4      | Reached skill level 4 in Axes
  2973 | D:4      | Reached XP level 6. HP: 53/53 MP: 5/5
  3190 | D:4      | Killed a necrophage
  3191 | D:4      | Reached skill level 5 in Axes
  3531 | D:4      | Reached skill level 6 in Axes
  3531 | D:4      | Reached XP level 7. HP: 52/60 MP: 6/6
  3868 | D:5      | Entered Level 5 of the Dungeon
  4354 | D:5      | Reached skill level 7 in Axes
  4705 | D:5      | Found a staircase to the Ecumenical Temple.
  4712 | Temple   | Entered the Ecumenical Temple
  5236 | D:5      | Reached XP level 8. HP: 64/67 MP: 7/7
  5460 | D:5      | Reached skill level 8 in Axes
  5617 | D:6      | Noticed a wyvern
  5631 | D:6      | Killed a wyvern
  6121 | D:6      | Reached skill level 9 in Axes
  6484 | D:6      | Found a burning altar of Makhleb.
  6495 | D:6      | Became a worshipper of Makhleb the Destroyer
  6859 | D:7      | Reached XP level 9. HP: 72/72 MP: 8/8
  6872 | D:7      | Reached skill level 10 in Axes
  6948 | D:7      | Reached skill level 1 in Invocations
  6979 | D:7      | Reached skill level 3 in Dodging
  7057 | D:7      | Noticed Pikel
  7104 | D:7      | Killed Pikel
  7105 | D:7      | Reached skill level 5 in Fighting
  7105 | D:7      | Reached skill level 1 in Armour
  7105 | D:7      | Reached skill level 2 in Invocations
  7348 | D:7      | Reached skill level 2 in Armour
  7709 | D:8      | Noticed a hornet
  7724 | D:8      | Killed a hornet
  7939 | D:8      | Reached skill level 3 in Invocations
  8021 | D:8      | Reached * piety under Makhleb
  8158 | D:8      | Reached skill level 4 in Dodging
  8314 | D:8      | Noticed Prince Ribbit
  8338 | D:8      | Killed Prince Ribbit
  8339 | D:8      | Reached skill level 6 in Fighting
  8339 | D:8      | Reached skill level 3 in Armour
  8339 | D:8      | Reached XP level 10. HP: 66/83 MP: 11/11
  8490 | D:8      | Noticed Harold
  8522 | D:7      | Killed Harold
  8523 | D:7      | Reached skill level 4 in Invocations
  8988 | D:8      | Slain by an orc warrior

Vanquished Creatures
  Harold (D:7)
  Pikel (D:7)
  2 hornets (D:8)
  Prince Ribbit (D:8)
  A wyvern (D:6)
  An orc warrior (D:8)
  A black bear (D:8)
  A necrophage (D:4)
  3 ogres
  2 phantoms
  A lemure (D:7)
  2 kobold brigands
  A bullfrog (D:8)
  4 scorpions
  A water moccasin skeleton (D:4)
  10 wights
  3 howler monkeys (D:7)
  A centaur zombie (D:5)
  4 jellies
  2 centaur skeletons (D:7)
  An orc priest (D:5)
  3 bullfrog skeletons
  2 iguanas
  3 orc wizards
  A killer bee zombie (D:3)
  A howler monkey zombie (D:6)
  2 hound skeletons
  7 adders
  2 shadow imps
  An ufetubus (D:5)
  A worm (D:2)
  20 orcs
  6 ball pythons
  5 endoplasms
  5 giant cockroaches
  9 goblins
  6 hobgoblins
  3 jackals (D:5)
  5 quokkas
  5 bats
  3 frilled lizards
  14 kobolds
  10 rats
158 creatures vanquished.

Vanquished Creatures (others)
  A plant (D:3)
1 creature vanquished.

Grand Total: 159 creatures vanquished

Table legend: (Time is in decaauts)
 A = Elapsed time spent in this place.
 B = Non-inter-level travel time spent in this place.
 C = Inter-level travel time spent in this place.
 D = Time resting spent in this place.
 E = Time spent auto-exploring this place.
 F = Levels seen in this place.
 G = Mean time per level.
                   A        B        C        D        E       F      G
               +--------+--------+--------+--------+--------+-----+--------+
         Total |   9052 |   8744 |    308 |   2256 |   3752 |   9 | 1005.8 |
       Dungeon |   8808 |   8541 |    267 |   2256 |   3569 |   8 | 1101.0 |
        Temple |    244 |    203 |     41 |      0 |    183 |   1 |  244.0 |
               +--------+--------+--------+--------+--------+-----+--------+

Top non-repeatable levels by time:
     D:4: 1610 daAuts
     D:5: 1204 daAuts
     D:7: 1170 daAuts
     D:6: 1159 daAuts
     D:8: 1072 daAuts
     D:2: 1000 daAuts
     D:1: 905 daAuts
     D:3: 684 daAuts
  Temple: 244 daAuts

Table legend:
 A = Non-vault XP
 B = Vault XP
 C = Vault XP percentage of total XP
 D = Non-vault monster count
 E = Vault monster count
 F = Vault count percentage of total count
                 A         B        C        D         E       F
            +---------+---------+-------+---------+---------+-------
      Total |    4132 |    1918 |  31.7 |     143 |      14 |   8.9
            +---------+---------+-------+---------+---------+-------
        D:1 |      40 |       0 |   0.0 |      25 |       0 |   0.0
        D:2 |      43 |      34 |  44.2 |      18 |       7 |  28.0
        D:3 |      38 |       0 |   0.0 |       7 |       0 |   0.0
        D:4 |     512 |       0 |   0.0 |      12 |       0 |   0.0
        D:5 |     711 |      30 |   4.0 |      23 |       4 |  14.8
        D:6 |     745 |       0 |   0.0 |      18 |       0 |   0.0
        D:7 |     665 |    1595 |  70.6 |      24 |       2 |   7.7
        D:8 |    1378 |     259 |  15.8 |      16 |       1 |   5.9
            +---------+---------+-------+---------+---------+-------
